 Seeded DCSS version 0.31-a0-214-gb37851dbb3 (webtiles) character file.

Game seed: 17612545735370830489 (custom seed)

203 innerfire43 the Poker (level 5, -30/35 (37) HPs)
             Began as a Demonspawn Monk on July 1, 2023.
             Was a Believer of Vehumet.
             Annihilated by an ogre
             ... wielding the +3 great mace "Emeucs" {heavy, Drain rElec rPois rN++}
              (36 damage)
             ... on level 3 of the Dungeon.
             The game lasted 00:04:52 (2166 turns).

innerfire43 the Poker (Demonspawn Monk)             Turns: 2166, Time: 00:04:53

HP:   -30/35 (37)   AC:  5    Str: 12 (13) XL:     5   Next: 51%
MP:   5/5           EV:  8    Int: 11 (13) God:    Vehumet [**....]
Gold: 311           SH:  0    Dex: 13 (16) Spells: 4/4 levels left

rFire   . . .        a - +0 spear (drain)
rCold   . . .        h - +10 tower shield of Ignorance {rN+ Int-4}
rNeg    + . .        b - +0 robe
rPois   .            (no helmet)
rElec   .            n - +2 cloak
rCorr   .            (no gloves)
SInv    .            (no boots)
Will    .....        (no amulet)
Stlth   +            f - +6 ring of intelligence
HPRegen 0.25/turn    (no ring)
MPRegen 0.09/turn

%: no passive effects
@: confused, mighty, brilliant, ambrosia-drunk, drained
A: powered by death 1, powered by pain 1, weakness stinger 1, frail 1, wild
magic 1, sturdy frame 1
a: Renounce Religion


You were on level 3 of the Dungeon.
You worshipped Vehumet.
Vehumet was pleased with you.
You visited 1 branch of the dungeon, and saw 3 of its levels.

You collected 941 gold pieces.
You spent 630 gold pieces at shops.

Inventory:

Hand Weapons
 a - a +0 spear of draining (weapon)
Armour
 b - a +0 robe (worn)
 d - an orb of light
 h - the +10 tower shield of Ignorance (worn) {rN+ Int-4}
   (You bought it in a shop on level 1 of the Dungeon)

   Int:       It affects your intelligence (-4).
   rN:        It protects you from negative energy.
 n - a +2 cloak (worn)
Jewellery
 f - a +6 ring of intelligence (left hand)
 m - a ring of see invisible
 r - a ring of resist corrosion
Scrolls
 i - 3 scrolls of amnesia
Potions
 c - 2 potions of ambrosia
 e - a potion of brilliance


   Skills:
 + Level 3.8 Fighting
 * Level 3.9 Polearms
 + Level 3.3 Dodging
 * Level 2.5 Shields


You had 4 spell levels left.
You didn't know any spells.
Your spell library contained the following spells:

 Spells                   Type           Power      Damage    Failure   Level
 Static Discharge         Conj/Air       0%         2-2/arc   100%        2
 Slow                     Hex            0%         N/A       100%        1
 Confusing Touch          Hex            0%         N/A       100%        3
 Dazzling Flash           Conj/Hex       0%         N/A       100%        3
 Vampiric Draining        Necr           0%         2d6       100%        3
 Volatile Blastmotes      Fire/Tloc      0%         2d10      100%        3
 Fulminant Prism          Conj/Hex       0%         3d5       100%        4
 Iskenderun's Mystic Bla  Conj/Tloc      0%         2d3       100%        4
 Agony                    Necr           0%         N/A       100%        5
 Lee's Rapid Deconstruct  Erth           0%         3d4*      100%        5
 Silence                  Hex/Air        0%         N/A       100%        5


Dungeon Overview and Level Annotations

Branches:
Dungeon (3/15)

Altars:
Vehumet

Shops:
D:1 ([??

Annotations:
D:3 1 transporter, innerfire43's ghost, amateur DsMo


Innate Abilities, Weirdness & Mutations

You regenerate a little health from kills.
You sometimes gain a little power by taking damage.
You have a small tail.
You are frail. (-10% HP)
Your spells are a little harder to cast, but a little more powerful.
Your movements are slightly less encumbered by armour. (ER -2)


Message History

The ogre is moderately wounded.
You block the ogre's attack. You block innerfire43's ghost's attack.
You closely miss the ogre.
The ogre is moderately wounded.
Innerfire43's ghost hits you. You partially resist.
You feel drained. You block the ogre's attack.
You hit the ogre. You drain the ogre.
The ogre is severely wounded.
You block the ogre's attack. You block innerfire43's ghost's attack.
The ogre hits you with a +0 giant spiked club!!
Ouch! That really hurt!
You focus on the pain.
You feel very mighty all of a sudden. You block innerfire43's ghost's attack.
You hit the ogre.
The ogre is severely wounded.
Innerfire43's ghost hits you but does no damage.
You partially resist. The ogre closely misses you. You block the ogre's attack.
Unknown command.
You closely miss the ogre.
The ogre is severely wounded.
You block innerfire43's ghost's attack.
Unknown command.
You barely miss the ogre.
The ogre is severely wounded.
You block the ogre's attack. You block innerfire43's ghost's attack.
You block the ogre's attack. Innerfire43's ghost hits you.
You partially resist.
You feel drained.
You are confused.
You feel invigorated.
The ogre hits you with a +0 giant spiked club!
* * * LOW HITPOINT WARNING * * *
You focus on the pain.
You feel mightier all of a sudden.
Innerfire43's ghost hits you but does no damage.
You partially resist.
You bump into the metal wall.
The ogre hits you with the +3 great mace "Emeucs" {heavy, Drain rElec rPois rN++}!!!
Ouch! That really hurt!
You die...

#.# #.####
#####...########
#####...#.....©#
#####...#..##..#
#####..[#.#..#!#
#####...#.#..#.#
#####..©#..##O.#
#####...#?..O@©#
######.©#?.##W.#
######..#.#..#.#
######..#.#..#.#
######..#..##..#
######..#......#
######..########
###############
###############


You could see 2 ogres and innerfire43's ghost.

Vanquished Creatures
  Crazy Yiuf (D:2)
  Robin (D:2)
  5 adders (D:3)
  4 gnolls (D:3)
  A worm (D:3)
  2 dart slugs (D:2)
  4 bats
  2 endoplasms (D:2)
  3 giant cockroaches (D:2)
  15 goblins
  5 hobgoblins
  3 jackals (D:3)
  2 quokkas (D:3)
  2 ball pythons (D:2)
  2 frilled lizards
  13 kobolds
  7 rats
72 creatures vanquished.

Notes
Turn   | Place    | Note
-------+----------+-------------------------------------------
     0 | D:1      | innerfire43 the Demonspawn Monk began the quest for the
                  | Orb.
     0 | D:1      | Reached XP level 1. HP: 18/18 MP: 1/1
    24 | D:1      | Found Wezuit Hoju's Antique Weapon Shoppe.
    73 | D:1      | Found Apnaij's Armour Emporium.
   105 | D:1      | Found Raxki's Magic Scroll Shop.
   190 | D:1      | Gained mutation: You sometimes gain a little power by
                  | taking damage. [demonic ancestry]
   190 | D:1      | Reached XP level 2. HP: 24/24 MP: 2/2
   270 | D:1      | Found Irownig's Magic Scroll Shoppe.
   444 | D:1      | Identified a scroll of acquirement
   444 | D:1      | Acquired 694 gold pieces
   461 | D:1      | Bought the +10 tower shield of Ignorance {rN+ Int-4} for
                  | 630 gold pieces
   461 | D:1      | Found the +10 tower shield of Ignorance {rN+ Int-4}
   777 | D:2      | Found a runed translucent door.
   778 | D:2      | Noticed Crazy Yiuf
   804 | D:2      | Noticed Robin
   806 | D:2      | Gained mutation: You have a small tail. [demonic ancestry]
   806 | D:2      | Reached XP level 3. HP: 29/29 MP: 3/3
   817 | D:2      | Killed Robin
   818 | D:2      | Reached skill level 1 in Shields
  1058 | D:2      | Reached XP level 4. HP: 34/35 MP: 4/4
  1176 | D:2      | Killed Crazy Yiuf
  1555 | D:3      | Gained mutation: You regenerate a little health from kills.
                  | [demonic ancestry]
  1555 | D:3      | Reached XP level 5. HP: 42/42 MP: 5/5
  1587 | D:3      | Found a faded altar of an unknown god.
  1725 | D:3      | Prayed at the altar of an unknown god.
  1725 | D:3      | Became a worshipper of Vehumet
  1725 | D:3      | Reached * piety under Vehumet
  1725 | D:3      | Offered knowledge of Sandblast by Vehumet.
  1725 | D:3      | Reached ** piety under Vehumet
  1765 | D:3      | Noticed an ogre
  1765 | D:3      | Identified the +3 great mace "Emeucs" {heavy, Drain rElec
                  | rPois rN++}
  1765 | D:3      | Noticed an ogre
  1766 | D:3      | Noticed innerfire43's ghost (amateur DsMo)
  1767 | D:3      | Found a transporter.
  1860 | D:3      | Offered knowledge of Static Discharge by Vehumet.
  2090 | D:3      | Found a transporter.
  2152 | D:3      | Gained mutation: You sometimes lose your temper in combat.
                  | [potion of mutation]
  2153 | D:3      | Lost mutation: You sometimes lose your temper in combat.
                  | [potion of mutation]
  2153 | D:3      | Gained mutation: You are frail. (-10% HP) [potion of
                  | mutation]
  2153 | D:3      | Gained mutation: Your spells are a little harder to cast,
                  | but a little more powerful. [potion of mutation]
  2153 | D:3      | Gained mutation: Your movements are slightly less
                  | encumbered by armour. (ER -2) [potion of mutation]
  2165 | D:3      | HP: 1/35 [ogre/+0 giant spiked club (17)]
  2166 | D:3      | Annihilated by an ogre

Illustrated notes

Levels and vault maps discovered:
D:1:      grunt_arrival_crossed_arrows, layout_rooms, serial_shops,
          nicolae_shop_tiny_real_fake_doors, shop, nicolae_shop_tiny_waterfront,
          shop_coins
D:2:      layout_loops_cross, uniq_crazy_yiuf_cottage, uniq_robin
D:3:      layout_basic, gammafunk_ghost_smash, dreamdust_ecumenical_altar_grove

Skill      XL: |  1  2  3  4 |
---------------+-------------+-----
Polearms       | 3 |  3.9
Dodging        | 3 |  3.3
Shields        | 1 2 |  2.5
Fighting       | |  3.8

Action                     |  1- 3 |  4- 6 || total
---------------------------+-------+-------++-------
  Melee: Spear             |   123 |   124 ||   247
         Tailslap          |     4 |    14 ||    18
    Use: Scroll            |     3 |     5 ||     8
         Potion            |       |     6 ||     6
   Stab: Sleeping          |     3 |     4 ||     7
 Armour: Robe              |    17 |    14 ||    31
  Dodge: Dodged            |    28 |    20 ||    48
  Block: Tower shield      |   107 |   117 ||   224

Table legend: (Time is in decaauts)
 A = Elapsed time spent in this place.
 B = Non-inter-level travel time spent in this place.
 C = Inter-level travel time spent in this place.
 D = Time resting spent in this place.
 E = Time spent auto-exploring this place.
 F = Levels seen in this place.
 G = Mean time per level.
                   A        B        C        D        E       F      G
               +--------+--------+--------+--------+--------+-----+--------+
         Total |   2251 |   2018 |    233 |      0 |   1426 |   3 |  750.3 |
       Dungeon |   2251 |   2018 |    233 |      0 |   1426 |   3 |  750.3 |
               +--------+--------+--------+--------+--------+-----+--------+

Top non-repeatable levels by time:
     D:3: 900 daAuts
     D:2: 874 daAuts
     D:1: 477 daAuts
